 Dungeon Crawl Stone Soup version 0.31-a0-151-ge443d1f16c (webtiles) character file.

Game seed: 5961628840778865329

122 qw the Shooter (level 5, 0/32 HPs)
             Began as a Gargoyle Hunter on June 8, 2023.
             Slain by a cerulean imp
             ... wielding a +2 spear
             ... summoned by Natasha
              (4 damage)
             ... on level 3 of the Dungeon.
             The game lasted 00:00:44 (1279 turns).

qw the Shooter (Gargoyle Hunter)                    Turns: 1279, Time: 00:00:44

Health: 0/32       AC:  8    Str: 13    XL:     5   Next: 6%
Magic:  5/5        EV: 11    Int: 14    God:
Gold:   186        SH:  0    Dex: 14    Spells: 4/4 levels left

rFire   . . .        Y - +0 shortbow
rCold   . . .        (shield currently unavailable)
rNeg    + + .        c - +0 leather armour
rPois   inf          (no helmet)
rElec   +            (no cloak)
rCorr   +            (no gloves)
SInv    .            d - +0 pair of boots
Will    .....        (no amulet)
Stlth   +            i - ring of resist corrosion
HPRegen 0.25/turn    h - ring of positive energy
MPRegen 0.09/turn

%: no passive effects
@: no status effects
A: sickness immunity, AC +4, negative energy resistance 1, electricity
resistance, torment resistance 1, petrification resistance, clever 1
a: no special abilities


You were on level 3 of the Dungeon.
You visited 1 branch of the dungeon, and saw 3 of its levels.

You collected 186 gold pieces.


Innate Abilities, Weirdness & Mutations

You are immune to sickness and miasma.
Your stone body is resilient. (AC +4)
You are immune to poison.
You resist negative energy. (rN+)
You are resistant to electric shocks. (rElec)
You are resistant to unholy torment.
You are immune to petrification.
Your mind is acute. (Int +4, Str/Dex -1)


   Skills:
 - Level 3.1 Fighting
 + Level 5.8 Ranged Weapons
 - Level 1.5 Dodging
 - Level 1.1 Stealth


You had 4 spell levels left.
You didn't know any spells.
Your spell library was empty.

Inventory:

Hand Weapons
 Y - a +0 shortbow (weapon)
Armour
 c - a +0 leather armour (worn)
 d - a +0 pair of boots (worn)
Jewellery
 h - a ring of positive energy (right hand)
 i - a ring of resist corrosion (left hand)
Scrolls
 k - a scroll of identify
Potions
 a - a potion of heal wounds {unknown}
 e - 2 potions of mutation
 g - a potion of might

Dungeon Overview and Level Annotations

Branches:
Dungeon (3/15)

Altars:

Annotations:
D:3 Natasha


Message History

You kill Jessica!
You have reached level 5!
You start resting.
Natasha, Servant of Life and Death comes into view.
You shoot an arrow. The arrow hits Natasha!
Natasha is heavily wounded.
Natasha mumbles some strange words.
You shoot an arrow. The arrow closely misses Natasha.
Natasha mumbles some strange words.
You shoot an arrow.
The arrow hits the cerulean imp but does no damage.
The cerulean imp hits you but does no damage.
The cerulean imp closely misses you.
The cerulean imp hits you but does no damage.
You shoot an arrow. The arrow misses the cerulean imp.
The arrow hits the cerulean imp but does no damage.
You feel yourself speed up.
The cerulean imp hits you with a +2 spear.
The cerulean imp hits you from afar with a +0 spear.
The cerulean imp hits you with a +2 spear.
You shoot an arrow.
The arrow closely misses the cerulean imp.
The arrow misses the cerulean imp.
The cerulean imp hits you but does no damage.
Natasha casts a spell.
The cerulean imp hits you with a +2 spear.
The cerulean imp barely misses you.
You shoot an arrow.
The arrow closely misses the cerulean imp.
The arrow hits the cerulean imp.
The cerulean imp is moderately wounded.
The cerulean imp hits you with a +2 spear.
The cerulean imp barely misses you. The cerulean imp misses you.
You shoot an arrow.
The arrow barely misses the cerulean imp.
The arrow hits the cerulean imp.
The cerulean imp is severely wounded.
The cerulean imp hits you but does no damage.
The cerulean imp hits you with a +2 spear.
You die...

#####.#####.#
######.#####.#########
#..............)......
#.####.###############
#.####.###### ##
#.####.####.## ..
#.####.####... .#
#...##.##.#####
S?.#55@....#
.#..h####### #... #...
..... #....@ #.....
#.....


You could see Natasha and 2 cerulean imps.

Vanquished Creatures
  Jessica (D:3)
  Natasha (D:3)
  An adder (D:2)
  A worm (D:2)
  A dart slug (D:1)
  7 ball pythons
  5 bats
  9 endoplasms
  A giant cockroach (D:1)
  4 goblins
  7 hobgoblins
  2 jackals (D:2)
  A quokka (D:1)
  2 frilled lizards
  3 kobolds
  7 rats
53 creatures vanquished.

Notes
Turn   | Place    | Note
-------+----------+-------------------------------------------
     0 | D:1      | qw the Gargoyle Hunter began the quest for the Orb.
     0 | D:1      | Reached XP level 1. HP: 12/12 MP: 1/1
     0 | D:1      | 0 ||| qw: Version: 0.2-a-120-gdf1a93b
     0 | D:1      | 0 ||| qw: Game counter: 3056
     0 | D:1      | 0 ||| qw: Always use a shield: true
     0 | D:1      | 0 ||| qw: God list: Okawaru
     0 | D:1      | 0 ||| qw: Allow faded altars: false
     0 | D:1      | 0 ||| qw: Do Orc after D:15 true
     0 | D:1      | 0 ||| qw: Do second Lair branch before Depths: true
     0 | D:1      | 0 ||| qw: Lair rune preference: random
     0 | D:1      | 0 ||| qw: Plans: Normal
     0 | D:1      | 0 ||| PLANNING D:1-11
    79 | D:1      | Reached XP level 2. HP: 17/17 MP: 2/2
   172 | D:1      | 172 ||| FLEEEEING.
   173 | D:1      | 173 ||| FLEEEEING.
   174 | D:1      | 174 ||| FLEEEEING.
   175 | D:1      | 175 ||| FLEEEEING.
   176 | D:1      | 176 ||| FLEEEEING.
   300 | D:1      | Found a faded altar of an unknown god.
   306 | D:1      | Reached XP level 3. HP: 21/21 MP: 3/3
   315 | D:1      | 315 ||| Stepping ~*~*~tactically~*~*~ (water).
   318 | D:1      | 318 ||| Stepping ~*~*~tactically~*~*~ (water).
   348 | D:1      | Reached skill level 5 in Ranged Weapons
   517 | D:1      | 517 ||| UPGRADING to ring of resist corrosion.
   518 | D:1      | 518 ||| READING scroll labelled VOXKAR HELLI.
   521 | D:1      | 521 ||| READING scroll labelled KYISMAUMISUNANN.
   522 | D:1      | 522 ||| READING scroll labelled FULYPEXTUM.
   523 | D:1      | 523 ||| READING scroll labelled TASMAY SORUO.
   524 | D:1      | 524 ||| DRINKING 3 metallic yellow potions.
   524 | D:1      | Gained mutation: Your mind is acute. (Int +4, Str/Dex -1)
                  | [potion of mutation]
   525 | D:1      | 525 ||| DROPPING scroll of butterflies.
   705 | D:2      | Reached skill level 3 in Fighting
   770 | D:2      | Reached XP level 4. HP: 28/28 MP: 4/4
  1148 | D:2      | 1148 ||| UPGRADING to +0 pair of boots.
  1153 | D:2      | 1153 ||| UPGRADING to ring of positive energy.
  1154 | D:2      | 1154 ||| READING scroll labelled IGAFOA BIKI.
  1155 | D:2      | 1155 ||| READING scroll labelled LAPUIB QE UMN.
  1156 | D:2      | 1156 ||| READING scroll labelled GAIVVEOXAN.
  1157 | D:2      | 1157 ||| READING 3 scrolls of identify.
  1157 | D:2      | 1157 ||| IDENTIFYING fuming emerald potion
  1158 | D:2      | 1158 ||| READING 2 scrolls of identify.
  1158 | D:2      | 1158 ||| IDENTIFYING white potion
  1159 | D:2      | 1159 ||| DROPPING potion of berserk rage.
  1171 | D:3      | 1171 ||| STAIRDANCE
  1252 | D:3      | Noticed Jessica
  1252 | D:3      | Noticed Natasha
  1255 | D:3      | 1255 ||| Stepping ~*~*~tactically~*~*~ (outnumbered).
  1265 | D:3      | Killed Natasha
  1269 | D:3      | Killed Jessica
  1270 | D:3      | Reached XP level 5. HP: 17/32 MP: 5/5
  1272 | D:3      | Noticed Natasha
  1277 | D:3      | HP: 5/32 [cerulean imp/+2 spear[Natasha] (4)]
  1279 | D:3      | Slain by a cerulean imp

Levels and vault maps discovered:
D:1:      tarquinn_simple_flora_water_a, layout_rooms,
          hellmonk_ecumenical_altar_pennies_from_heaven, minmay_tetromino_i4
D:2:      layout_loops_ring, kennysheep_generic_room_10
D:3:      layout_loops_ring, reono_crystal_passage, dk_noncrumbling_4,
          uniq_jessica, uniq_natasha, uniq_sigmund

Skill      XL: |  1  2  3 |
---------------+----------+-----
Ranged Weapons | 5 |  5.8
Fighting       | 3 |  3.1
Dodging        | |  1.5
Stealth        | |  1.1

Action                     |  1- 3 |  4- 6 || total
---------------------------+-------+-------++-------
   Fire: Shortbow          |   116 |    48 ||   164
    Use: Scroll            |     4 |     5 ||     9
         Potion            |     1 |       ||     1
 Armour: Leather armour    |    18 |    12 ||    30
  Dodge: Dodged            |    27 |    30 ||    57

Table legend:
 A = Non-vault XP
 B = Vault XP
 C = Vault XP percentage of total XP
 D = Non-vault monster count
 E = Vault monster count
 F = Vault count percentage of total count
                 A         B        C        D         E       F
            +---------+---------+-------+---------+---------+-------
      Total |      95 |      80 |  45.7 |      47 |       6 |  11.3
            +---------+---------+-------+---------+---------+-------
        D:1 |      42 |       5 |  10.6 |      24 |       3 |  11.1
        D:2 |      50 |       2 |   3.8 |      21 |       1 |   4.5
        D:3 |       3 |      73 |  96.1 |       2 |       2 |  50.0
            +---------+---------+-------+---------+---------+-------
